 Dungeon Crawl Stone Soup version 0.26-a0-720-g2a1d101370 (webtiles) character file.

Game seed: 15056533771623164129

10826 ringo67 the Fighter (level 11, 0/117 HPs)
             Began as an Ogre Hunter on Nov 4, 2020.
             Was a Priest of Hepliaklqana.
             Slain by a cane toad (26 damage)
             ... on level 1 of the Lair of Beasts.
             The game lasted 00:32:28 (18126 turns).

ringo67 the Fighter (Ogre Hunter)                  Turns: 18126, Time: 00:32:30

Health: 0/117      AC:  4    Str: 21    XL:     11   Next: 68%
Magic:  11/11      EV: 13    Int: 12    God:    Hepliaklqana [***...]
Gold:   604        SH:  0    Dex:  9    Spells: 10/10 levels left

rFire    . . .     SeeInvis .   N - +4 scimitar (flame)
rCold    . . .     Faith    .   (no shield)
rNeg     . . .     Spirit   .   b - +1 robe
rPois    .         Reflect  .   (helmet restricted)
rElec    .         Harm     .   (no cloak)
rCorr    .         Rampage  .   (gloves unavailable)
MR       +....                  (boots unavailable)
Stlth    +.........             n - amulet of the acrobat
HPRegen  0.29/turn              (no ring)
MPRegen  0.12/turn              (no ring)

@: lethally poisoned (0 -> -18)
A: large, unfitting armour, reduced essence, tough skin 1
a: Recall Ancestor, Ancestor Identity, Transference, Renounce Religion


You were on level 1 of the Lair of Beasts.
You worshipped Hepliaklqana.
Hepliaklqana was most pleased with you.
You visited 3 branches of the dungeon, and saw 12 of its levels.

You collected 604 gold pieces.

Inventory:

Hand Weapons
 a - a +0 short sword
 h - a +2 dagger of electrocution
 x - a cursed -1 flail
 L - a +1 giant spiked club
 N - a +4 scimitar of flaming (weapon)
Missiles
 c - a large rock (quivered)
 d - 2 throwing nets
 m - 5 javelins
 G - 5 poisoned darts
Armour
 b - a +1 robe (worn)
Jewellery
 i - an uncursed ring of fire
 n - an amulet of the acrobat (around neck)
 p - an uncursed ring of ice
 q - an uncursed ring of positive energy
 I - an uncursed amulet of reflection {unknown}
 M - a cursed amulet of inaccuracy {unknown}
Wands
 f - a wand of acid (14)
 u - a wand of flame (37)
 J - a wand of polymorph (7)
 K - a wand of random effects (17)
Scrolls
 g - 4 scrolls of identify
 j - a scroll of fear {unknown}
 k - a scroll of enchant armour
 l - a scroll of enchant weapon
 o - 4 scrolls of remove curse
 r - a scroll of blinking
 s - 4 scrolls of immolation
 y - 4 scrolls of teleportation
 D - 2 scrolls of fog
 O - 2 scrolls of amnesia
 P - 2 scrolls of holy word {unknown}
 Q - a scroll of silence {unknown}
Potions
 e - a potion of haste {unknown}
 t - 4 potions of heal wounds
 v - 2 potions of cancellation {unknown}
 w - 2 potions of flight {unknown}
 z - a potion of lignification
 A - 4 potions of might
 B - 4 potions of brilliance
 C - 4 potions of magic
 E - 2 potions of degeneration {unknown}
 F - 6 potions of curing
 H - a potion of resistance {unknown}


   Skills:
 * Level 14.6 Fighting
 * Level 9.5 Maces & Flails
 - Level 6.1 Throwing
 + Level 7.7 Dodging
 - Level 0.6 Stealth


You had 10 spell levels left.
You didn't know any spells.
Your spell library contained the following spells:

 Spells                   Type           Power        Failure   Level
 Animate Skeleton         Necr           #.....       32%         1
 Beastly Appendage        Tmut           #.....       32%         1
 Pain                     Necr           #...         32%         1
 Shock                    Conj/Air       #...         32%         1
 Swiftness                Air            #.......     45%         2
 Wereblood                Tmut           #.......     45%         2
 Mephitic Cloud           Conj/Pois/Air  #.......     69%         3
 Spider Form              Tmut/Pois      #.........   69%         3
 Static Discharge         Conj/Air       #.......     69%         3
 Vampiric Draining        Necr           #.........   69%         3
 Airstrike                Air            #.........   97%         4
 Animate Dead             Necr           #.........   97%         4
 Ice Form                 Ice/Tmut       #.......     97%         4
 Summon Ice Beast         Ice/Summ       #.......     97%         4
 Summon Lightning Spire   Summ/Air       #.......     97%         4
 Agony                    Necr           #.......     100%        5
 Blade Hands              Tmut           #.........   100%        5
 Lightning Bolt           Conj/Air       #.........   100%        5


Dungeon Overview and Level Annotations

Branches:
Dungeon (9/15)             Temple (1/1) D:7            Lair (2/6) D:9
  Swamp: Lair:2-4    Shoals: Lair:2-4     Snake: Lair:2-4    Spider: Lair:2-4
    Orc: D:9-12

Altars:
Ashenzari
Cheibriados
Dithmenos
Elyvilon
Fedhas
Gozag
Hepliaklqana
Kikubaaqudgha
Makhleb
Nemelex Xobeh
Okawaru
Qazlal
Ru
Sif Muna
Trog
Uskayaw
Vehumet
Wu Jian
Xom
Yredelemnul
Zin
The Shining One

Shops:
D:4 =[   D:9 [

Annotations:
Lair:1 1 exclusion


Innate Abilities, Weirdness & Mutations

You are too large for most types of armour.
You have tough skin. (AC +1)
Your life essence is reduced to manifest your ancestor. (-10% HP)


Message History

The cane toad stings you! x2
Throwing (i - inventory. (/) - cycle)
c - 3 large rocks (quivered)
Press: ? - help, Shift-Dir - straight line, f/p - cane toad
Aim: a cane toad (moderately wounded)
You throw a large rock.
The large rock barely misses the cane toad.
You feel very sick. The cane toad stings you!!
* * * LOW HITPOINT WARNING * * *
The cane toad closely misses you.
You riposte.
You hit the cane toad but do no damage.
The cane toad is moderately wounded.
Throwing (i - inventory. (/) - cycle)
c - 2 large rocks (quivered)
Press: ? - help, Shift-Dir - straight line, f/p - cane toad
Aim: a cane toad (moderately wounded)
You throw a large rock. The large rock hits the cane toad!!
The cane toad is almost dead.
You feel very sick. The cane toad stings you!!
You die...

...................#.#.⌠.#.#...#.
#..#.##..........#...#...#.......
......+..........###.#.........#.
...................##.....##....#
......#.............###+###......
................#####.....###.###
......#......##.⌠.#..###...#..⌠.#
......#.....##..F................
....###.......⌠.@..+...⌠...+..⌠.⌠
............##.....#.......#.....
............###.⌠..#...##..##.⌠..
..#.#######..###.####.....#######
..### #P.## #####.#...##...#..
#.# ##.######..#.....##..#.. #.##
#........#.......#..#.. #..#
#................#..#.. ...#
##............⌠.#.#...#.


You could see a cane toad.

Vanquished Creatures
  A boulder beetle (D:8)
  A two-headed ogre (D:9)
  Erica (D:9)
  A deep elf mage (D:7)
  A black mamba (Lair:2)
  A polar bear (Lair:1)
  2 blink frogs
  A wyvern (D:9)
  3 yaks
  2 wargs
  Menkaure (D:6)
  2 water moccasins (Lair:1)
  4 orc warriors
  2 ice beasts
  A phantom (D:8)
  An ogre (D:5)
  3 wolves
  2 centaurs
  A big kobold (D:7)
  10 bullfrogs
  2 scorpions
  11 killer bees
  2 centaur zombies
  2 jellies
  7 hounds
  5 orc priests
  11 orc wizards
  2 bullfrog skeletons
  3 iguanas
  6 worker ants
  A worker ant zombie (D:8)
  8 adders
  2 shadow imps
  2 white imps
  2 ufetubi
  An ooze (D:1)
  An adder skeleton (D:4)
  4 worms
  4 dart slugs (D:1)
  4 leopard geckos
  25 orcs
  8 giant cockroaches
  7 hobgoblins
  9 jackals
  6 quokkas
  2 ball pythons
  A ball python skeleton (D:4)
  3 bats
  3 frilled lizards
  10 goblins
  4 kobolds
  A leopard gecko skeleton (D:4)
  5 rats
205 creatures vanquished.

Vanquished Creatures (collateral kills)
  A two-headed ogre (D:8)
  A komodo dragon (Lair:1)
  A blink frog (Lair:2)
  3 yaks (Lair:1)
  2 ice beasts
  3 sky beasts
  An ogre (D:9)
  A wolf (Lair:2)
  A centaur (D:9)
  3 bullfrogs
  A wyvern zombie (D:8)
  A water moccasin skeleton (D:7)
  A wight (D:9)
  A hound (D:9)
  2 orc priests (D:9)
  A jelly (D:7)
  3 orc wizards (D:9)
  An adder zombie (D:6)
  7 orcs
  2 giant cockroaches
  3 jackals
  A kobold (D:7)
  A quokka (D:8)
42 creatures vanquished.

Vanquished Creatures (others)
  10 hexers
  2 ancestors
  9 bushes (D:8)
  6 fungi (Lair:2)
  8 plants (Lair:2)
35 creatures vanquished.

Grand Total: 282 creatures vanquished

Notes
Turn   | Place    | Note
-------+----------+-------------------------------------------
     0 | D:1      | ringo67 the Ogre Hunter began the quest for the Orb.
     0 | D:1      | Reached XP level 1. HP: 22/22 MP: 1/1
    76 | D:1      | Reached skill level 3 in Fighting
   338 | D:1      | Reached XP level 2. HP: 29/31 MP: 2/2
   545 | D:1      | Reached XP level 3. HP: 38/39 MP: 3/3
  1015 | D:2      | Reached skill level 4 in Fighting
  1043 | D:2      | Reached XP level 4. HP: 20/49 MP: 4/4
  1356 | D:2      | Found a sparkling altar of Nemelex Xobeh.
  2304 | D:3      | Reached skill level 5 in Fighting
  2304 | D:3      | Reached XP level 5. HP: 57/57 MP: 5/5
  3929 | D:4      | Reached XP level 6. HP: 58/67 MP: 6/6
  3933 | D:4      | Found Zifumaat's Antique Armour Emporium.
  3938 | D:4      | Reached skill level 1 in Maces & Flails
  3942 | D:4      | Found Umiyca's Jewellery Emporium.
  3972 | D:4      | Reached skill level 6 in Fighting
  3972 | D:4      | Reached skill level 5 in Throwing
  4637 | D:3      | Reached XP level 7. HP: 56/76 MP: 7/7
  5004 | D:4      | Reached skill level 7 in Fighting
  5035 | D:5      | Entered Level 5 of the Dungeon
  5332 | D:7      | Found a staircase to the Ecumenical Temple.
  5339 | Temple   | Entered the Ecumenical Temple
  5819 | Temple   | Became a worshipper of Hepliaklqana the Forgotten
  6765 | D:5      | HP: 3/71 [something (6)]
  6778 | D:5      | Reached skill level 8 in Fighting
  6778 | D:5      | Reached XP level 8. HP: 7/79 MP: 8/8
  7169 | D:5      | Found a glowing golden altar of the Shining One.
  7232 | D:5      | Reached * piety under Hepliaklqana
  7437 | D:6      | Noticed Menkaure
  7440 | D:6      | Killed Menkaure
  7518 | D:6      | Reached skill level 9 in Fighting
  8336 | D:7      | Noticed a deep elf mage
  8337 | D:7      | Killed a deep elf mage
  8337 | D:7      | Reached skill level 10 in Fighting
  8337 | D:7      | Reached skill level 5 in Dodging
  8337 | D:7      | Reached XP level 9. HP: 90/90 MP: 9/9
  8553 | D:7      | Reached skill level 5 in Maces & Flails
  8962 | D:7      | Reached ** piety under Hepliaklqana
  8965 | D:7      | Remembered your ancestor Goro as a hexer
  9347 | D:8      | Reached skill level 11 in Fighting
 10057 | D:8      | Noticed a boulder beetle
 10175 | D:8      | Reached XP level 10. HP: 69/102 MP: 10/10
 10787 | D:8      | Killed a boulder beetle
 10787 | D:8      | Reached skill level 12 in Fighting
 10800 | D:8      | Noticed a two-headed ogre
 10833 | D:8      | Killed a two-headed ogre
 11790 | D:8      | Reached skill level 13 in Fighting
 12237 | D:9      | Found a staircase to the Lair.
 12837 | D:9      | Reached XP level 11. HP: 113/114 MP: 11/11
 12858 | D:9      | Noticed a two-headed ogre
 13279 | D:9      | Noticed Erica
 14054 | D:9      | Killed Erica
 14277 | D:9      | Found Quatigh's Antique Armour Shop.
 14294 | D:9      | Killed a two-headed ogre
 14677 | Lair:1   | Entered Level 1 of the Lair of Beasts
 15108 | Lair:1   | Reached skill level 14 in Fighting
 15215 | Lair:1   | Identified the Reference Book on Supportive Feathers
 15499 | Lair:1   | Reached *** piety under Hepliaklqana
 18126 | Lair:1   | Slain by a cane toad

Illustrated notes

Levels and vault maps discovered:
D:1:      lightli_arrival_boilingwater, layout_basic, dk_noncrumbling_3
D:2:      wander_river, layout_loops_ring, nemelex_xobeh_ov_fountains_minmay
D:3:      layout_basic, gup_sewer_entry_bowl
D:4:      layout_cave_pools, serial_shops, shop, kennysheep_mini,
          minmay_a_box_with_orc_wizards_in_it
D:5:      layout_rooms, basic_altar
D:6:      layout_cave_pools, uniq_menkaure
D:7:      layout_basic, minmay_temple_entry_wispy, guppyfry_early_elven_hall
D:8:      minmay_ornate_pinched, layout_loops_ring, minmay_hedge_maze
D:9:      minmay_evil_eye, layout_rooms, erik_lair_orcish_takeover,
          serial_shops, shop, uniq_erica
Temple:   compressed_dpeg_circular_temple
Lair:1:   layout_chaotic_city, grunt_megastairs_1, lemuel_fruit_tree,
          serial_bayou_shore_a
Lair:2:   layout_loops_ring, special_room

Skill      XL: |  1  2  3  4  5  6  7  8  9 10 11 |
---------------+----------------------------------+-----
Fighting       | 3 4 5 6 8 10 11 13 14 | 14.6
Dodging        | 2 3 4 5 7 |  7.7
Maces & Flails | 1 2 4 6 8 9 |  9.5
Throwing       | 5 6 |  6.1
Stealth        | |  0.6

Action                   |  1- 3 |  4- 6 |  7- 9 | 10-12 || total
-------------------------+-------+-------+-------+-------++-------
Melee: Short sword       |    38 |       |       |       ||    38
       Dagger            |    45 |   163 |   262 |   190 ||   660
       Scimitar          |       |       |       |    79 ||    79
Throw: Large rock        |     7 |    10 |    10 |     9 ||    36
       Throwing net      |       |     1 |       |       ||     1
       Dart              |       |       |    31 |    57 ||    88
Invok: Ancestor Identity |       |       |     1 |       ||     1
       Ancestor Life: He |       |       |     1 |       ||     1
  Use: Scroll            |       |     3 |     3 |    15 ||    21
       Potion            |       |     1 |       |       ||     1
 Stab: Sleeping          |     1 |     1 |     1 |       ||     3
       Distracted        |       |       |     1 |     1 ||     2
       Confused          |       |       |       |     2 ||     2
Armor: Robe              |    26 |    33 |    38 |    40 ||   137
       Skin              |       |     2 |       |       ||     2
Dodge: Dodged            |    47 |   109 |   154 |   214 ||   524
       Rpst.: Scimitar   |       |       |       |    21 ||    21

Table legend: (Time is in decaauts)
 A = Elapsed time spent in this place.
 B = Non-inter-level travel time spent in this place.
 C = Inter-level travel time spent in this place.
 D = Time resting spent in this place.
 E = Time spent auto-exploring this place.
 F = Levels seen in this place.
 G = Mean time per level.
                   A        B        C        D        E       F      G
               +--------+--------+--------+--------+--------+-----+--------+
         Total |  18210 |  17827 |    383 |   8830 |   5658 |  12 | 1517.5 |
       Dungeon |  14230 |  13922 |    308 |   6441 |   4687 |   9 | 1581.1 |
        Temple |    496 |    496 |      0 |    357 |      0 |   1 |  496.0 |
          Lair |   3483 |   3408 |     75 |   2032 |    970 |   2 | 1741.5 |
               +--------+--------+--------+--------+--------+-----+--------+

Top non-repeatable levels by time:
     D:8: 3308 daAuts
  Lair:1: 2942 daAuts
     D:9: 2112 daAuts
     D:3: 1674 daAuts
     D:4: 1665 daAuts
     D:7: 1462 daAuts
     D:5: 1222 daAuts
     D:2: 1190 daAuts
     D:1: 1011 daAuts
     D:6: 582 daAuts
  Lair:2: 540 daAuts
  Temple: 496 daAuts
